 Dungeon Crawl Stone Soup version 0.25-a0-1079-g858b6a6ff6 (webtiles) character file.

Game seed: 668427673736739154, levelgen mode: classic

19 Amnesiac the Skirmisher (level 2, 0/18 HPs)
             Began as a Deep Elf Fighter on May 15, 2020.
             Slain by a kobold
             ... wielding a +0 dagger
              (2 damage)
             ... on level 3 of the Dungeon.
             The game lasted 00:01:05 (121 turns).

Amnesiac the Skirmisher (Deep Elf Fighter)           Turns: 121, Time: 00:01:05

Health: 0/18       AC:  6    Str: 13    XL:     2   Next: 55%
Magic:  4/4        EV:  6    Int: 12    God:
Gold:   6          SH:  8    Dex: 14    Spells: 1/1 levels left

rFire    . . .     SeeInvis .   a - +0 war axe
rCold    . . .     Gourm    .   c - +0 kite shield
rNeg     . . .     Faith    .   b - +0 scale mail
rPois    .         Spirit   .   (no helmet)
rElec    .         Reflect  .   (no cloak)
rCorr    .         Harm     .   (no gloves)
MR       .....                  (no boots)
Stlth    ..........             (no amulet)
HPRegen  0.06/turn              (no ring)
MPRegen  0.09/turn              (no ring)

@: mighty, berserk cooldown, slowed, very slow
A: no striking features
a: no special abilities


You were on level 3 of the Dungeon.
You were not hungry.

You visited 1 branch of the dungeon, and saw 3 of its levels.

You collected 6 gold pieces.

Inventory:

Hand Weapons
 a - a +0 war axe (weapon)
Missiles
 g - 21 arrows
Armour
 b - a +0 scale mail (worn)
 c - a +0 kite shield (worn)
Scrolls
 e - a scroll of noise {!r, unknown}
Comestibles
 d - 6 chunks of flesh
 f - a ration


   Skills:
 + Level 2.6 Fighting
 - Level 2.0 Axes
 + Level 2.6 Armour
 + Level 1.1 Dodging
 - Level 2.4 Shields


You had one spell level left.
You didn't know any spells.
Your spell library was empty.

Dungeon Overview and Level Annotations

Branches:
Dungeon (3/15)

Altars:
Fedhas
Makhleb

Annotations:
D:2 Robin


Message History

You feel sick. The goblin closely misses you. You block the goblin's attack.
You slash the dart slug!
You kill the dart slug!
You hit the goblin.
You kill the goblin!
Your Dodging skill increases to level 1!
You feel sick.
Things that are here:
a +0 club; a goblin corpse You closely miss the hobgoblin.
The hobgoblin barely misses you. x2
You closely miss the hobgoblin.
You feel sick. The hobgoblin hits you with a +0 club.
* * * LOW HITPOINT WARNING * * *
You hit the hobgoblin.
The hobgoblin is heavily wounded.
The hobgoblin barely misses you. You block the hobgoblin's attack.
You slash the hobgoblin!
You kill the hobgoblin!
* * * LOW HITPOINT WARNING * * *
You feel sick.
Things that are here:
a +0 club; a hobgoblin corpse You butcher the hobgoblin corpse.
d - 4 chunks of flesh
Things that are here:
a +0 club; a hobgoblin skeleton
* * * LOW HITPOINT WARNING * * *
You feel sick.
You see here a dart slug corpse.
You butcher the dart slug corpse.
d - 6 chunks of flesh (gained 2)
* * * LOW HITPOINT WARNING * * *
You feel sick.
Things that are here:
a +0 club; a hobgoblin skeleton
* * * LOW HITPOINT WARNING * * *
You feel sick.
You are no longer poisoned.
A bat comes into view.
The bat closely misses you.
Found a stone staircase leading down.
You see here a blue potion {!q}.
Really quaff a blue potion {!q}?
It was a potion of berserk rage {!q}.
A red film seems to cover your vision as you go berserk!
You feel yourself moving faster!
You feel mighty! You block the bat's attack.
The bat hits you but does no damage.
You barely miss the bat. The bat hits you but does no damage.
A kobold comes into view. It is wielding a +0 dagger.
The kobold shouts!
You hear a shout! x2
An orc comes into view. It is wielding a +0 dagger.
You hear a shout! x2
Unknown command.
You miss the bat. The bat hits you but does no damage.
You block the bat's attack.
You closely miss the bat. You block the bat's attack.
You feel a strong urge to attack something.
You are no longer berserk.
You are exhausted.
You feel yourself slow down.
You closely miss the kobold. You slash the bat!
You kill the bat!
The kobold hits you with a +0 dagger.
You die...

##### #.#... ... ......
.....+ #.#.. ......# #
#.#.. ......# #
#o#.###.....# #
#.#.##......# #
###.####.#......[..### #
...>..K@.............. .
########...........####.
#######......<...
#....#..### #.......)<#
###)###..## #.)....#
#......# #.....##


You could see an orc and a kobold.

Vanquished Creatures
  An adder (D:3)
  A dart slug (D:3)
  A goblin (D:3)
  2 hobgoblins (D:3)
  2 bats
  A frilled lizard (D:1)
  A rat (D:1)
9 creatures vanquished.

Notes
Turn   | Place    | Note
-------+----------+-------------------------------------------
     0 | D:1      | Amnesiac the Deep Elf Fighter began the quest for the Orb.
     0 | D:1      | Reached XP level 1. HP: 13/13 MP: 3/3
    52 | D:3      | Found a blossoming altar of Fedhas.
    53 | D:3      | Noticed a two-headed ogre
    53 | D:3      | Noticed a bullfrog
    59 | D:2      | Found a burning altar of Makhleb.
    59 | D:2      | Noticed Robin
    93 | D:3      | Reached XP level 2. HP: 8/18 MP: 4/4
    94 | D:3      | Reached skill level 1 in Dodging
   121 | D:3      | Slain by a kobold

Illustrated notes

Levels and vault maps discovered:
D:1:      minmay_arrival_shattered_statue, layout_loops_ring
D:2:      layout_loops_ring, grunt_temple_overflow_order_and_chaos_1,
          lemuel_crystal_altar, elyvilon_altar_3, uniq_robin
D:3:      minmay_bubble_buster, layout_basic, gammafunk_temple_overflow_arena,
          uniq_crazy_yiuf_cottage

Skill      XL: |  1  2 |
---------------+-------+-----
Axes           | 2 |  2.0
Dodging        | 1 |  1.1
Fighting       | |  2.6
Armour         | |  2.6
Shields        | |  2.4

Action                   || total
-------------------------++-------
Melee: War axe           ||    24
  Use: Potion            ||     2
Armor: Scale mail        ||     6
Dodge: Dodged            ||    12
Block: Kite shield       ||    15

Table legend:
 A = Non-vault XP
 B = Vault XP
 C = Vault XP percentage of total XP
 D = Non-vault monster count
 E = Vault monster count
 F = Vault count percentage of total count
                 A         B        C        D         E       F
            +---------+---------+-------+---------+---------+-------
      Total |      26 |       2 |   7.1 |       8 |       1 |  11.1
            +---------+---------+-------+---------+---------+-------
        D:1 |       3 |       0 |   0.0 |       3 |       0 |   0.0
        D:3 |      23 |       2 |   8.0 |       5 |       1 |  16.7
            +---------+---------+-------+---------+---------+-------
